 Dungeon Crawl Stone Soup version 0.18.1-48-g4cf74bf (webtiles) character file.

63600 RepoMan the Severer (level 15, -26/118 HPs)
             Began as a Formicid Fighter on Sept 1, 2016.
             Was a High Priest of the Shining One.
             Annihilated by an ettin
             ... wielding a +0 dire flail
              (30 damage)
             ... on level 14 of the Dungeon.
             The game lasted 03:11:08 (24811 turns).

RepoMan the Severer (Formicid Fighter)             Turns: 24811, Time: 03:11:09

Health: -26/118    AC: 15    Str: 22    XL:     15   Next: 50%
Magic:  22/22      EV:  9    Int:  9    God:    the Shining One [*****.]
Gold:   1283       SH: 26    Dex: 14    Spells: 0 memorised, 14 levels left

rFire  + . .     SeeInvis +     L - +3 war axe
rCold  + . .     Gourm    .     p - +2 scale mail {rC+}
rNeg   + + .     Faith    .     m - +1 large shield {reflect}
rPois  .         Spirit   .     (helmet unavailable)
rElec  .         Dismiss  .     (no cloak)
rCorr  .         Reflect  +     k - +0 pair of gloves (curse)
SustAt .         Harm     .     a - +1 pair of boots
MR     ++...                    c - +5 amulet of reflection
Stlth  ..........               y - ring of protection from magic
                                J - ring of protection from fire

@: glowing, very resistant to hostile enchantments, extremely unstealthy
A: permanent stasis, dig shafts and tunnels, four strong arms, antennae 3
a: Dig, Shaft Self, Divine Shield, Cleansing Flame, Summon Divine Warrior,
Renounce Religion


You were on level 14 of the Dungeon.
You worshipped the Shining One.
The Shining One was extremely pleased with you.
You were not hungry.

You visited 5 branches of the dungeon, and saw 23 of its levels.
You also visited: Ossuary.

You collected 2349 gold pieces.
You spent 1066 gold pieces at shops.

Inventory:

Hand Weapons
 w - a +0 antimagic battleaxe
 L - a +3 war axe (weapon)
Missiles
 s - 3 throwing nets (quivered)
Armour
 a - a +1 pair of boots (worn)
 k - a cursed +0 pair of gloves (worn)
 m - a +1 large shield of reflection (worn)
 p - a +2 scale mail of cold resistance (worn)
 x - a +2 chain mail of fire resistance
Jewellery
 c - a +5 amulet of reflection (around neck)
 y - a ring of protection from magic (right hand)
 z - an uncursed ring of poison resistance
 H - an uncursed ring of magical power
 J - a ring of protection from fire (left hand)
Wands
 t - a wand of hasting (3/9)
 M - a wand of enslavement (4/24)
 T - a wand of iceblast (6/15)
 Y - a wand of acid (3/15)
 Z - a wand of paralysis (7/24)
Scrolls
 b - a scroll of silence
 e - 4 scrolls of immolation
 h - 8 scrolls of remove curse
 j - 4 scrolls of identify
 l - a scroll of enchant weapon
 o - a scroll of fear
 u - a scroll of brand weapon
 F - 3 scrolls of enchant armour
 G - a scroll of recharging
 I - a scroll of holy word
 U - a scroll of magic mapping
 X - 3 scrolls of fog
Potions
 d - 3 potions of agility
 i - 2 potions of flight
 q - 7 potions of curing
 r - 2 potions of cure mutation
 v - 4 potions of lignification
 R - a potion of experience
 V - 2 potions of might
Comestibles
 f - 10 bread rations
 n - 9 meat rations


   Skills:
 + Level 11.1 Fighting
 * Level 16.1 Axes
 + Level 11.5 Armour
 + Level 14.2 Shields
 - Level 10.5 Invocations


You had 14 spell levels left.
You didn't know any spells.

Dungeon Overview and Level Annotations

Branches:
Dungeon (14/15)            Temple (1/1) D:7            Lair (5/8) D:9
  Swamp (0/4) Lair:5        Snake (0/4) Lair:5          Orc (2/2) D:11
    Elf (1/3) Orc:2
 Vaults: D:13-14

Altars:
Ashenzari
Cheibriados
Dithmenos
Elyvilon
Gozag
Kikubaaqudgha
Makhleb
Nemelex Xobeh
Okawaru
Pakellas
Qazlal
Ru
Sif Muna
Trog
Vehumet
Xom
Yredelemnul
Zin
The Shining One
Beogh

Shops:
D:6 ?   D:10 (   Orc:2 %*:=

Annotations:
D:14 1 runed door, Azrael
Lair:5 exclusion: oklob plant


Innate Abilities, Weirdness & Mutations

You are under a permanent stasis effect.
You can dig through walls and to a lower floor.
Your four strong arms can wield two-handed weapons with a shield.
You have a pair of large antennae on your head (SInv).


Message History

Drink which item? (? for menu, Esc to quit)
You feel much better. You block the unseen horror's attack.
The unseen horror hits you but does no damage.
The ettin hits you with a dire flail!!
* * * LOW HITPOINT WARNING * * *
The ettin hits you with a dire flail!
* * * LOW HITPOINT WARNING * * *
Unknown command.
Unknown command.
Evoke which item? (* to show all) (? for menu, Esc to quit)
That item cannot be evoked!
Evoke which item? (* to show all) (? for menu, Esc to quit)
Zapping:
M - a wand of enslavement {zapped: 8} (will waste charges)
Press: ? - help, Shift-Dir - straight line, f - ettin
Aim: an ettin, wielding two dire flails (lightly wounded, haloed, chance to defeat MR: 28%)
The ettin easily resists.
Evoking this partially-identified wand wasted a few charges.
You block the unseen horror's attack. You block the ettin's attack.
The ettin hits you with a dire flail!!
You die...

##############
###..............
##.#.#.#.#.#.#.#.#
#......C@x.......
##.#.#.#.#.#.#.#
#[.............
##.#.#)#.#.#.#.#.#
#....)..<.........
##.#.#.#.#.#.#.#.#
#..^..............
##.#.#.#.#.#.#.#.#
.................


You could see an ettin and an unseen horror (invisible).

Vanquished Creatures
  An orc warlord (Orc:2)
  Nessos (Lair:5)
  A deep elf demonologist (Elf:1)
  Snorg (D:11)
  The ghost of humperndinck the Covert, a journeyman DEEn of Sif Muna (D:13)
  A centaur warrior (D:13)
  A catoblepas (Lair:4)
  3 dancing weapons (Elf:1)
  3 orc high priests (Orc:2)
  A deep elf knight (Elf:1)
  4 deep elf archers (Elf:1)
  2 unseen horrors (D:13)
  6 hill giants
  Pikel (D:7)
  6 orc knights
  A griffon (D:13)
  16 deep elf magi
  A wolf spider (D:13)
  5 orc sorcerers
  4 ugly things
  2 black mambas
  3 gargoyles
  3 rime drakes (Lair:4)
  10 spiny frogs
  An efreet (D:14)
  4 komodo dragons
  6 trolls
  2 two-headed ogres
  A polar bear (Lair:5)
  7 slime creatures
  11 blink frogs
  A boulder beetle (D:11)
  Prince Ribbit (Lair:1)
  A wyvern (Lair:3)
  10 yaks
  A tarantella (shapeshifter) (Elf:1)
  5 basilisks
  2 vampires
  A wraith (D:7)
  A hog (D:7)
  A human (D:7)
  4 vampire mosquitoes
  A steam dragon (Lair:4)
  9 hippogriffs
  Menkaure (D:6)
  4 wargs
  2 mottled dragons
  A soldier ant (D:10)
  2 swamp worms (Lair:5)
  A hell hound (D:13)
  4 porcupines
  6 water moccasins
  A swamp drake (D:11)
  The ghost of Mellonil the Ruffian, an amateur TrMo (D:3)
  An eye of draining (D:11)
  4 ice beasts
  26 orc warriors
  A sky beast (D:7)
  A black bear (D:8)
  A necrophage (D:10)
  11 ogres
  A phantom (D:8)
  12 wolves
  11 centaurs
  6 crocodiles
  A big kobold (D:10)
  13 giant frogs
  Blork the orc (D:6)
  A wyvern zombie (D:11)
  A gnoll sergeant (D:8)
  2 elf skeletons (D:7)
  A scorpion (D:10)
  6 killer bees
  16 wights
  A troll skeleton (D:7)
  8 howler monkeys
  A centaur zombie (Ossuary)
  3 crimson imps
  3 giant frog zombies
  2 quasits
  6 jellies
  6 hounds
  3 human zombies (D:7)
  4 giant frog skeletons
  14 orc priests
  18 iguanas
  4 centaur skeletons
  A gnoll shaman (D:5)
  A human skeleton (D:7)
  Jessica (D:2)
  Ijyb (D:3)
  35 orc wizards
  7 worker ants
  20 sheep
  3 big kobold zombies (Ossuary)
  A hound zombie (D:11)
  2 hound skeletons (D:6)
  6 mummies
  24 gnolls
  14 adders
  13 river rats
  4 shadow imps
  3 oozes
  An adder zombie (D:5)
  2 adder skeletons
  6 worms
  A dart slug (D:1)
  7 giant geckos
  88 orcs
  12 bats
  2 giant cockroaches
  12 goblins
  11 hobgoblins
  5 jackals
  5 quokkas
  A giant gecko skeleton (D:6)
  6 giant newts
  2 goblin zombies (Ossuary)
  3 hobgoblin zombies (Ossuary)
  13 kobolds
  5 orc zombies (Ossuary)
  A quokka skeleton (D:9)
  11 rats
691 creatures vanquished.

Vanquished Creatures (collateral kills)
  A hydra (Lair:4)
  A black mamba (Lair:4)
  A hippogriff (Lair:4)
  A porcupine (Lair:4)
  An orc wizard (Orc:2)
  4 sheep (Lair:4)
  4 orcs (Orc:2)
13 creatures vanquished.

Vanquished Creatures (others)
  A cyclops (Orc:2)
  An orc warrior (Orc:2)
  An ogre (Orc:2)
  A black bear (D:7)
  A slave (D:7)
  An orc priest (Orc:2)
  An iguana (D:7)
  2 orcs
  2 fungi
  3 plants (Lair:4)
14 creatures vanquished.

Grand Total: 718 creatures vanquished

Notes
Turn   | Place    | Note
--------------------------------------------------------------
     0 | D:1      | RepoMan the Formicid Fighter began the quest for the Orb.
     0 | D:1      | Reached XP level 1. HP: 18/18 MP: 1/1
    53 | D:1      | Reached XP level 2. HP: 20/24 MP: 2/2
   195 | D:1      | Reached XP level 3. HP: 29/29 MP: 3/3
   835 | D:2      | Reached skill level 3 in Axes
   963 | D:2      | Noticed Jessica
   977 | D:2      | Killed Jessica
   977 | D:2      | Reached XP level 4. HP: 13/35 MP: 4/4
  1247 | D:2      | Found a glowing golden altar of the Shining One.
  1255 | D:2      | Became a worshipper of the Shining One
  1274 | D:2      | Found an opulent altar of Gozag.
  1649 | D:2      | Reached XP level 5. HP: 40/41 MP: 5/5
  1937 | D:2      | Found a white marble altar of Elyvilon.
  2155 | D:2      | Reached skill level 4 in Axes
  2662 | D:3      | Reached XP level 6. HP: 40/47 MP: 6/6
  2977 | D:3      | Noticed Ijyb
  2989 | D:3      | Killed Ijyb
  3025 | D:3      | Noticed Mellonil's ghost (amateur TrMo)
  3029 | D:3      | Found an iron altar of Okawaru.
  3403 | D:3      | Reached skill level 5 in Axes
  3403 | D:3      | Reached skill level 5 in Shields
  3638 | D:4      | Reached XP level 7. HP: 48/52 MP: 7/7
  3721 | D:4      | Reached * piety under the Shining One
  3970 | D:4      | Reached skill level 6 in Axes
  4022 | D:4      | Found a sacrificial altar of Ru.
  4038 | D:4      | Found a bloodstained altar of Trog.
  4046 | D:4      | Found a shimmering altar of Xom.
  4316 | D:5      | Entered Level 5 of the Dungeon
  4547 | D:5      | Reached XP level 8. HP: 46/58 MP: 8/8
  4611 | D:5      | Found an oddly glowing altar of Pakellas.
  5887 | D:6      | Reached skill level 7 in Axes
  5949 | D:6      | Reached ** piety under the Shining One
  6047 | D:6      | Noticed Blork the orc
  6052 | D:6      | Killed Blork the orc
  6052 | D:6      | Reached skill level 8 in Axes
  6055 | D:6      | Found a sand-covered staircase.
  6086 | Ossuary  | Entered an ossuary
  6165 | Ossuary  | Reached *** piety under the Shining One
  6182 | Ossuary  | Reached skill level 1 in Invocations
  6196 | Ossuary  | Reached XP level 9. HP: 60/64 MP: 8/10
  6349 | D:6      | Found a sparkling altar of Nemelex Xobeh.
  6354 | D:6      | Noticed Menkaure
  6359 | D:6      | Killed Menkaure
  6515 | D:6      | Found Liafel's Magic Scroll Emporium.
  6534 | D:6      | Bought a scroll of identify for 24 gold pieces
  6534 | D:6      | Bought a scroll of identify for 24 gold pieces
  6534 | D:6      | Bought a scroll of remove curse for 36 gold pieces
  6534 | D:6      | Bought a scroll of identify for 24 gold pieces
  6534 | D:6      | Bought a scroll of identify for 24 gold pieces
  6534 | D:6      | Bought a scroll of holy word for 90 gold pieces
  6534 | D:6      | Bought a scroll of identify for 24 gold pieces
  6534 | D:6      | Bought a scroll of enchant armour for 90 gold pieces
  6534 | D:6      | Bought a scroll of enchant armour for 90 gold pieces
  6786 | D:6      | Reached skill level 9 in Axes
  7011 | D:3      | Found a burning altar of Makhleb.
  7446 | D:3      | Killed Mellonil's ghost
  7701 | D:7      | Noticed Pikel
  7717 | D:7      | Killed Pikel
  7851 | D:7      | Reached skill level 10 in Axes
  7861 | D:7      | Reached skill level 5 in Armour
  7866 | D:7      | Reached XP level 10. HP: 39/70 MP: 12/12
  8113 | D:7      | Reached **** piety under the Shining One
  8586 | D:7      | Found a basalt altar of Yredelemnul.
  8670 | D:7      | Found a staircase to the Ecumenical Temple.
  8677 | Temple   | Entered the Ecumenical Temple
  9530 | D:8      | Reached skill level 11 in Axes
  9720 | D:8      | Reached skill level 5 in Fighting
  9805 | D:8      | Found a shimmering altar of Xom.
  9824 | D:8      | Reached skill level 10 in Shields
 10444 | D:9      | Found a snail-covered altar of Cheibriados.
 10457 | D:9      | Reached ***** piety under the Shining One
 10473 | D:9      | Reached skill level 5 in Invocations
 10481 | D:9      | Reached XP level 11. HP: 69/80 MP: 14/14
 10626 | D:9      | Found a deep blue altar of Sif Muna.
 10686 | D:9      | Noticed a brown ugly thing
 10700 | D:9      | Killed a brown ugly thing
 11135 | D:9      | Found a staircase to the Lair.
 11464 | D:10     | Entered Level 10 of the Dungeon
 11571 | D:10     | Found an opulent altar of Gozag.
 11721 | D:10     | Noticed a hill giant
 11746 | D:10     | Killed a hill giant
 11924 | D:10     | Found Geec's Antique Weapon Boutique.
 11951 | D:10     | Noticed a hill giant
 11963 | D:10     | Killed a hill giant
 12082 | D:10     | Noticed a hill giant
 12091 | D:10     | Killed a hill giant
 12091 | D:10     | Reached skill level 12 in Axes
 12408 | D:11     | Noticed a hill giant
 12433 | D:11     | Killed a hill giant
 12471 | D:11     | Found a staircase to the Orcish Mines.
 12754 | D:11     | Got a pair of encrusted gloves
 12755 | D:11     | Identified the +2 pair of gloves of Late {rC+ Str+4 Dex-4} (You found it on level 11 of the Dungeon)
 12789 | D:11     | Reached XP level 12. HP: 74/89 MP: 17/17
 13664 | D:12     | Identified 2 scrolls of acquirement
 13723 | D:13     | Noticed an unseen horror
 13731 | D:13     | Killed an unseen horror
 13794 | D:13     | Noticed an unseen horror
 13827 | D:13     | Killed an unseen horror
 13893 | D:13     | Noticed humperndinck's ghost (journeyman DEEn)
 13908 | D:13     | Killed humperndinck's ghost
 13964 | D:13     | Reached skill level 13 in Axes
 14840 | D:13     | Noticed a centaur warrior
 14853 | D:13     | Killed a centaur warrior
 14877 | D:13     | Reached XP level 13. HP: 76/98 MP: 19/19
 15564 | D:14     | Found a white marble altar of Elyvilon.
 15564 | D:14     | Noticed an angel
 15565 | D:14     | Found a runed door.
 15578 | D:14     | Noticed Azrael
 15801 | Lair:1   | Entered Level 1 of the Lair of Beasts
 16341 | Lair:1   | Got a spiked ring mail
 16353 | Lair:1   | Identified the +1 ring mail of Fedhas's Supremacy {rElec MR+ Int-2} (You found it on level 1 of the Lair of Beasts)
 16480 | Lair:1   | Noticed Prince Ribbit
 16507 | Lair:1   | Killed Prince Ribbit
 17105 | Lair:2   | Reached skill level 14 in Axes
 17660 | Lair:2   | You fall through a shaft for 2 floors!
 19220 | Lair:4   | Reached XP level 14. HP: 108/108 MP: 21/21
 19260 | Lair:4   | Reached skill level 10 in Armour
 19476 | Lair:4   | Reached skill level 10 in Invocations
 19904 | Lair:5   | Noticed Nessos
 19907 | Lair:5   | Found a staircase to the Snake Pit.
 19913 | Lair:5   | Killed Nessos
 19993 | Lair:5   | Found a staircase to the Swamp.
 20799 | Orc:1    | Entered Level 1 of the Orcish Mines
 20859 | Orc:1    | Noticed Snorg
 20898 | D:11     | Killed Snorg
 21364 | Orc:1    | Found a roughly hewn altar of Beogh.
 21415 | Orc:2    | Entered Level 2 of the Orcish Mines
 21415 | Orc:2    | Found a staircase to the Elven Halls.
 21837 | Orc:1    | Reached skill level 10 in Fighting
 21837 | Orc:1    | Reached skill level 15 in Axes
 21867 | Orc:2    | Noticed an orc warlord
 21890 | Orc:2    | Killed an orc warlord
 22982 | Orc:2    | Reached XP level 15. HP: 117/117 MP: 10/22
 22991 | Orc:2    | Found Foschidi's Food Shop.
 22991 | Orc:2    | Found Hikkucar's Jewellery Shoppe.
 22993 | Orc:2    | Found Binnemab's Assorted Antiques.
 22993 | Orc:2    | Found Itasm's Book Shoppe.
 23005 | Orc:2    | Bought a cursed -3 ring of intelligence for 32 gold pieces
 23005 | Orc:2    | Bought a cursed ring of loudness for 72 gold pieces
 23012 | Orc:2    | Bought a potion of curing for 81 gold pieces
 23012 | Orc:2    | Bought a shiny opal ring for 135 gold pieces
 23017 | Orc:2    | Bought an uncursed ring of poison resistance for 320 gold pieces
 23239 | Elf:1    | Entered Level 1 of the Elven Halls
 23572 | Elf:1    | Noticed a Brimstone Fiend
 24210 | Elf:1    | Reached skill level 16 in Axes
 24810 | D:14     | HP: 4/118 [ettin/dire flail (8)]
 24811 | D:14     | Annihilated by an ettin

Skill      XL: |  1  2  3  4  5  6  7  8  9 10 11 12 13 14 15 |
---------------+----------------------------------------------+-----
Shields        | 4 5 6 7 9 10 11 12 13 14 | 14.2
Axes           | 3 4 5 6 8 10 11 12 13 14 15 16 | 16.1
Armour         | 4 5 6 7 8 9 10 11 | 11.5
Invocations    | 1 2 5 6 8 9 10 | 10.5
Fighting       | 5 6 8 9 10 11 | 11.1

Action                   |  1- 3 |  4- 6 |  7- 9 | 10-12 | 13-15 || total
-------------------------+-------+-------+-------+-------+-------++-------
Melee: War axe           |    81 |   198 |   360 |   845 |  1230 ||  2714
       Battleaxe         |       |       |       |       |    10 ||    10
Throw: Throwing net      |       |     1 |       |       |       ||     1
Invok: Divine Shield     |       |       |     1 |    16 |    13 ||    30
       Cleansing Flame   |       |       |       |     2 |     1 ||     3
       Summon Divine War |       |       |       |       |     2 ||     2
 Abil: Dig               |       |     1 |       |     2 |     8 ||    11
Evoke: Wand              |       |       |       |     2 |    10 ||    12
  Use: Potion            |     1 |       |     1 |     5 |     9 ||    16
       Scroll            |       |       |     7 |    17 |    10 ||    34
 Stab: Distracted        |       |       |     1 |       |       ||     1
  Eat: Chunk             |       |     9 |    10 |    19 |    25 ||    63
       Fruit             |       |       |     1 |       |     7 ||     8
       Beef jerky        |       |       |     1 |     2 |     2 ||     5
       Royal jelly       |       |       |     1 |     1 |       ||     2
       Bread ration      |       |       |       |       |     1 ||     1
Armor: Scale mail        |    21 |    70 |    79 |   126 |   160 ||   456
Dodge: Dodged            |    20 |    57 |    71 |   112 |   138 ||   398
Block: Shield            |    39 |    95 |   157 |   173 |       ||   464
       Large shield      |       |       |       |   445 |  1164 ||  1609
       Reflection        |       |       |       |     8 |    58 ||    66
